Map: Stargazers

Players

DankCraft - Winner!

  • Race: Terran Terran
  • League: Diamond
  • Spawn Location: 1:00

Morpheus

  • Race: Terran Terran
  • League: Diamond
  • Spawn Location: 11:00

VOD

Have the link to the VOD?

Description

Time

  • Played on: Nov. 30, 2022, 5:35 p.m.
  • Length: 11:05
Show
View Real Time Build Order
Export as new Build Order

DankCraft Terran - Winner!

Build Orders:  

Get SALT Encoding   

  12  0:01  SCV  
  13  0:13  SCV  
  14  0:17  Supply Depot  
  14  0:25  SCV  
  15  0:37  Refinery  
  15  0:39  SCV  
  16  0:51  SCV  
  17  1:03  SCV  
  18  1:15  SCV  
  19  1:27  SCV  
  13  2:05  SCV  
  12  2:18  SCV  
  8  2:25  Barracks  
  8  2:28  Refinery  
  8  2:30  SCV  
  9  2:42  SCV  
  10  2:54  SCV  
  11  3:06  SCV  
  12  3:13  Reaper  
  12  3:18  Orbital Command  
  13  3:31  Supply Depot  
  13  3:46  Reaper  
  14  3:49  SCV  
  15  4:01  SCV  
  16  4:13  SCV  
  17  4:18  Reaper  
  18  4:25  SCV  
  19  4:38  SCV  
  20  4:40  Refinery  
  20  4:43  Factory  
  20  4:50  SCV  
  21  5:11  SCV  
  22  5:15  Command Center  
  22  5:23  SCV  
  22  5:42  Hellion  
  24  5:46  Factory  
  24  5:47  SCV  
  25  5:50  Barracks Tech Lab  
  25  5:58  Supply Depot  
  25  5:59  SCV  
  25  6:03  Hellion  
  27  6:11  SCV  
  27  6:23  SCV  
  28  6:35  SCV  
  28  6:36  Orbital Command  
  29  6:40  Factory Tech Lab x2  
  29  6:47  SCV  
  29  6:52  Starport  
  30  6:59  SCV  
  31  7:12  Siege Tank x2  
  37  7:21  SCV x2  
  39  7:26  Refinery  
  39  7:27  Refinery, Marine  
  40  7:33  Fusion Core, SCV  
  40  7:34  Starport Tech Lab  
  41  7:39  Engineering Bay  
  41  7:40  SCV  
  42  7:45  SCV  
  42  7:48  Bunker  
  42  8:08  Marine  
  42  8:10  Cyclone  
  49  8:21  Supply Depot  
  49  8:26  Marine  
  49  8:36  SCV x2  
  48  8:41  Battlecruiser  
  48  8:48  SCV x2  
  55  8:50  Weapon Refit  
  56  9:00  SCV x2, Supply Depot  
  56  9:02  Supply Depot  
  58  9:12  SCV, Cyclone  
  62  9:22  SCV, Cyclone  
  66  9:24  SCV  
  67  9:34  SCV  
  68  9:41  Command Center  
  68  9:54  Battlecruiser  
Show
View Real Time Build Order
Export as new Build Order

Morpheus Terran 

Build Orders:  

Get SALT Encoding   

  12  0:00  SCV  
  13  0:12  SCV  
  14  0:17  Supply Depot  
  14  0:25  SCV  
  15  0:39  SCV  
  15  0:40  Barracks  
  16  0:45  Refinery  
  16  0:51  SCV  
  17  1:03  SCV  
  18  1:07  Refinery  
  18  1:27  Bunker  
  18  1:29  Marine  
  18  1:32  Orbital Command  
  19  1:33  Supply Depot  
  2  2:35  SCV  
  3  2:47  SCV  
  4  2:59  SCV  
  5  3:05  Marine  
  5  3:12  SCV  
  7  3:24  Reaper  
  8  3:32  SCV  
  10  3:48  SCV  
  10  3:56  Marine  
  10  4:02  SCV  
  12  4:14  SCV  
  12  4:35  Reaper  
  12  4:36  SCV  
  14  4:59  SCV  
  15  5:07  Factory  
  15  5:21  SCV  
  11  5:33  SCV  
  11  5:45  SCV  
  11  5:48  Marine  
  13  5:56  Hellion  
  15  5:58  SCV  
  15  6:20  Hellion  
  15  6:21  SCV  
  17  6:27  Marine  
  18  6:33  SCV  
  19  6:43  Factory Tech Lab  
  19  6:45  SCV  
  20  6:54  Marine  
  20  6:57  SCV  
  22  7:09  SCV  
  22  7:11  Cyclone  
  27  7:27  SCV  
  28  7:30  Command Center  
  28  7:34  Starport  
  27  7:40  SCV  
  28  7:49  Barracks Tech Lab  
  28  7:52  SCV  
  29  8:10  Marine  
  29  8:11  Stimpack  
  30  8:26  SCV  
  31  8:42  Medivac, Siege Tank  
  31  8:46  Orbital Command  
  36  8:50  Marine  
  37  8:56  Orbital Command  
  37  9:01  SCV  
  38  9:11  Marine  
  38  9:14  SCV  
  40  9:22  SCV  
  41  9:24  Siege Tank  
  41  9:26  SCV  
  45  9:32  Marine  
  46  9:53  Supply Depot  
  46  10:01  SCV  
  46  10:05  SCV  
  46  10:18  SCV  
Tags
 
Matchup
TvT
Race
Terran
Spawn Locations
Close Positions
Add a new tag
Caveats
  • Supply blocks, unpowered buildings, or Contaminate may cause inaccurate times.
  • Supply counts are checked every 10 seconds.